Map: Capullo de rosa EE

Players

TATORREA

  • Race: Protoss Protoss
  • League: Silver
  • Spawn Location: 5:00

tigro

  • Race: Terran Terran
  • League: Bronze
  • Spawn Location: 5:00

MrFercho

  • Race: Terran Terran
  • League: Silver
  • Spawn Location: 5:00

ElSana - Winner!

  • Race: Protoss Protoss
  • League: Bronze
  • Spawn Location: 11:00

TRISTAN - Winner!

  • Race: Terran Terran
  • League: Bronze
  • Spawn Location: 11:00

MikeMier - Winner!

  • Race: Protoss Protoss
  • Spawn Location: 11:00

VOD

Have the link to the VOD?

Description

Time

  • Played on: June 4, 2020, 9:24 p.m.
  • Length: 10:14
Show
View Real Time Build Order
Export as new Build Order

TATORREA Protoss 

Build Orders:  

Get SALT Encoding   

  12  0:05  Probe  
  13  0:17  Pylon  
  13  0:18  Probe  
  14  0:30  Probe  
  15  0:40  Forge  
  15  0:47  Probe  
  16  1:00  Probe  
  17  1:05  Gateway  
  17  1:12  Probe  
  18  1:27  Probe  
  19  2:05  Pylon  
  19  2:13  Pylon  
  19  2:25  Pylon  
  18  2:37  Cybernetics Core  
  18  2:40  Pylon  
  18  2:41  Probe  
  19  2:44  Assimilator  
  19  2:46  Assimilator  
  19  3:00  Probe  
  19  3:05  Nexus  
  20  3:07  Zealot  
  20  3:12  Probe  
  23  3:17  Warp Gate  
  23  3:24  Probe  
  24  3:34  Zealot  
  26  3:42  Probe  
  27  3:50  Protoss Ground Weapons Level 1  
  27  3:59  Probe  
  27  4:00  Stalker (Chrono Boost)  
  27  4:02  Pylon  
  30  4:06  Pylon  
  30  4:09  Pylon  
  30  4:11  Probe  
  31  4:20  Gateway  
  31  4:21  Stalker (Chrono Boost)  
  31  4:23  Gateway  
  33  4:25  Gateway  
  33  4:27  Gateway  
  33  4:29  Probe  
  34  4:32  Probe  
  35  4:43  Probe  
  35  4:44  Probe  
  37  4:51  Twilight Council  
  37  4:55  Probe  
  37  4:56  Probe  
  39  5:07  Probe  
  39  5:08  Probe  
  41  5:22  Stalker x2  
  41  5:23  Stalker x2  
  49  5:31  Robotics Facility  
  49  5:38  Charge (Chrono Boost)  
  49  5:45  Probe x2  
  51  5:50  Assimilator  
  51  5:57  Probe x2  
  37  6:47  Stalker  
  37  6:48  Stalker x3  
  37  6:49  Stalker  
  37  6:52  Immortal  
  51  7:03  Assimilator, Probe x2  
  54  7:15  Probe x2  
  54  7:16  Gateway  
  54  7:18  Gateway  
  54  7:20  Gateway  
  55  7:23  Gateway  
  55  7:27  Pylon, Probe  
  55  7:28  Probe  
  57  7:30  Pylon  
  57  7:34  Pylon  
  57  7:36  Nexus  
  57  7:39  Probe  
  57  7:40  Probe  
  59  7:52  Gateway  
  59  7:54  Gateway  
  59  7:55  Probe x2  
  61  8:07  Probe x2  
  63  8:16  Immortal  
  67  8:24  Pylon  
  67  8:27  Stalker  
  67  8:28  Stalker x2  
  67  8:29  Pylon  
  67  8:30  Stalker  
  67  8:33  Pylon  
  75  8:39  Stalker  
  75  8:40  Stalker  
  53  9:20  Stalker x2  
  53  9:21  Stalker x2  
  53  9:22  Stalker x4  
  53  9:23  Stalker x2  
Show
View Real Time Build Order
Export as new Build Order

tigro Terran 

Build Orders:  

Get SALT Encoding   

  12  0:05  SCV  
  13  0:17  SCV  
  14  0:21  Supply Depot  
  14  0:29  SCV  
  15  0:37  Refinery  
  15  0:43  SCV  
  16  0:50  Barracks  
  16  1:03  SCV  
  17  1:15  SCV  
  18  1:22  Refinery  
  18  1:27  SCV  
  19  1:33  Supply Depot  
  19  1:39  SCV  
  20  1:40  Marine  
  21  1:53  SCV  
  22  1:58  Marine  
  23  2:05  SCV  
  24  2:09  Barracks  
  24  2:15  Marine  
  24  2:17  SCV  
  26  2:29  SCV  
  27  2:33  Marine, Engineering Bay  
  28  2:47  Orbital Command  
  28  2:51  Marine  
  29  3:05  Barracks Tech Lab  
  29  3:15  Factory  
  29  3:22  Barracks Tech Lab  
  29  3:39  Combat Shield  
  29  3:42  Stimpack  
  29  3:46  Marine  
  30  3:48  Command Center  
  30  3:51  Marine  
  31  3:58  Terran Infantry Weapons Level 1  
  31  4:03  Factory Tech Lab  
  31  4:04  Marine  
  31  4:09  Marine  
  33  4:16  Starport  
  33  4:49  Siege Tank  
  36  4:55  Medivac  
  36  4:58  Concussive Shells  
  38  5:03  Refinery  
  38  5:15  Armory  
  38  5:24  SCV  
  39  5:36  SCV, Starport Tech Lab  
  40  5:48  SCV  
  41  5:52  Terran Infantry Armor Level 1  
  41  6:00  SCV  
  41  6:04  Fusion Core  
  42  6:12  SCV  
  42  6:15  Refinery  
  43  6:24  SCV  
  44  6:36  SCV  
  44  6:39  Terran Ship Weapons Level 1  
  45  6:44  Drilling Claws  
  45  6:48  SCV  
  46  7:00  SCV  
  47  7:09  Command Center, Weapon Refit  
  47  7:19  SCV  
  48  7:30  Thor  
  48  7:31  SCV  
  48  7:34  Marine x2  
  57  7:43  SCV  
  58  7:46  Hi-Sec Auto Tracking  
  58  7:52  Marine  
  58  7:55  SCV  
  60  8:06  Missile Turret  
  60  8:07  SCV  
  61  8:20  Planetary Fortress  
  61  8:37  Starport, Missile Turret  
  61  8:49  Rapid Reignition System  
  61  8:58  Missile Turret  
  48  9:11  Marine x2  
  43  9:25  Medivac  
  43  9:28  Marine, Starport Tech Lab  
  43  9:29  Marine  
  47  9:34  Missile Turret  
  44  9:46  Marine x2  
Show
View Real Time Build Order
Export as new Build Order

MrFercho Terran 

Build Orders:  

Get SALT Encoding   

  12  0:04  SCV  
  13  0:17  SCV  
  14  0:27  Supply Depot  
  14  0:29  SCV  
  15  0:42  Refinery  
  15  0:49  SCV  
  16  0:57  Barracks  
  16  1:03  SCV  
  17  1:23  SCV  
  18  1:26  Supply Depot  
  18  1:35  SCV  
  19  1:50  Barracks Reactor  
  19  1:55  Command Center  
  19  1:56  SCV, Refinery  
  20  2:24  Orbital Command  
  21  2:30  Reaper x2  
  22  2:51  SCV  
  23  3:02  Reaper  
  23  3:03  SCV  
  23  3:05  Supply Depot  
  25  3:08  Refinery  
  25  3:09  Supply Depot  
  25  3:10  Orbital Command  
  25  3:15  SCV  
  26  3:28  SCV  
  26  3:33  Engineering Bay, Refinery  
  27  3:40  Factory  
  27  3:58  SCV x2  
  29  4:10  SCV x2  
  31  4:22  SCV x2  
  33  4:34  SCV x2  
  32  4:43  Factory Tech Lab  
  32  4:46  SCV  
  33  4:59  Factory  
  33  5:03  Armory  
  33  5:05  SCV  
  34  5:07  Armory, SCV  
  35  5:17  SCV  
  35  5:19  SCV  
  37  5:29  SCV  
  38  5:44  Command Center  
  38  5:45  Factory  
  38  5:46  Starport  
  38  5:49  Starport  
  38  5:51  Starport x2, Terran Infantry Weapons Level 1  
  38  6:12  Factory Reactor  
  38  6:14  Drilling Claws  
  38  6:16  Marine  
  38  6:17  Marine  
  40  6:33  Missile Turret  
  40  6:34  Marine  
  40  6:35  Marine  
  40  6:36  Missile Turret  
  42  6:49  Factory Reactor  
  42  6:50  Missile Turret  
  42  6:52  Marine x2  
  42  6:53  Missile Turret  
  44  6:54  Starport Reactor  
  44  6:55  Starport Reactor, Starport Tech Lab  
  44  7:01  Starport Reactor  
  44  7:10  Marine x2  
  44  7:13  SCV x2  
  48  7:17  Orbital Command  
  48  7:21  Refinery  
  48  7:25  SCV x2  
  50  7:34  Supply Depot  
  50  7:35  Supply Depot  
  50  7:36  Supply Depot  
  50  7:37  Supply Depot, SCV x2  
  50  7:40  Widow Mine  
  50  7:41  Widow Mine  
  56  7:46  Refinery  
  56  7:49  SCV x2  
  58  7:59  Supply Depot  
  58  8:01  SCV x2  
  60  8:33  Command Center  
  60  8:52  Command Center  
  57  9:09  Viking x7  
  71  9:39  Viking x7  
  71  9:45  Missile Turret  
  76  9:47  Missile Turret  
  76  9:49  Missile Turret  
  76  9:51  Missile Turret  
  76  9:52  Missile Turret  
Show
View Real Time Build Order
Export as new Build Order

ElSana Protoss - Winner!

Build Orders:  

Get SALT Encoding   

  12  0:02  Probe  
  13  0:15  Pylon  
  13  0:19  Probe (Chrono Boost)  
  14  0:31  Probe (Chrono Boost)  
  14  0:34  Assimilator  
  15  0:36  Probe (Chrono Boost)  
  16  0:45  Probe  
  16  0:46  Assimilator  
  17  0:57  Probe  
  18  1:10  Probe (Chrono Boost)  
  19  1:20  Gateway, Probe (Chrono Boost)  
  19  1:25  Probe (Chrono Boost)  
  21  1:36  Probe  
  21  1:37  Pylon  
  22  1:42  Pylon  
  22  1:48  Probe  
  23  2:00  Probe  
  24  2:12  Probe, Zealot  
  27  2:24  Probe  
  28  2:36  Probe  
  29  2:52  Cybernetics Core  
  29  2:57  Forge  
  29  3:01  Probe  
  30  3:38  Stargate x2  
  29  4:21  Photon Cannon  
  29  4:23  Void Ray x2  
  29  4:24  Photon Cannon x2  
  37  4:38  Photon Cannon  
  37  4:50  Stargate  
  37  4:58  Fleet Beacon  
  37  5:48  Nexus  
  37  5:50  Assimilator  
  37  5:53  Assimilator  
  37  6:07  Unknown  
  37  6:08  Pylon  
  37  6:10  Pylon  
  37  6:25  Void Ray x2  
  37  6:28  Void Ray  
  49  6:39  Probe  
  50  6:51  Probe  
  51  7:02  Probe (Chrono Boost)  
  51  7:05  Probe (Chrono Boost)  
  53  7:08  Void Ray x2  
  53  7:13  Probe (Chrono Boost)  
  62  7:17  Probe (Chrono Boost)  
  63  7:26  Protoss Air Armor Level 1  
  65  7:31  Probe (Chrono Boost)  
  65  7:35  Probe (Chrono Boost)  
  65  7:37  Probe (Chrono Boost)  
  65  7:41  Probe  
  65  7:42  Pylon  
  65  7:44  Pylon  
  67  7:45  Probe  
  67  7:46  Pylon  
  68  7:53  Probe  
  68  7:57  Probe  
  70  8:06  Probe  
  70  8:09  Probe  
  72  8:18  Probe  
  73  8:21  Probe  
  73  8:26  Void Ray  
  78  8:27  Void Ray  
  78  8:30  Probe  
  78  8:33  Probe  
  84  8:42  Probe  
  84  8:46  Probe  
  80  9:21  Void Ray x2  
  80  9:22  Void Ray  
Show
View Real Time Build Order
Export as new Build Order

TRISTAN Terran - Winner!

Build Orders:  

Get SALT Encoding   

  12  0:02  SCV  
  14  0:14  SCV  
  14  0:26  SCV  
  15  0:30  Supply Depot  
  15  0:33  Refinery  
  15  0:51  SCV  
  15  0:54  Barracks  
  16  1:03  SCV  
  17  1:11  Supply Depot  
  17  1:15  SCV  
  18  1:28  SCV  
  19  1:40  SCV  
  20  1:48  Command Center  
  20  1:49  Marine  
  21  2:09  Factory  
  21  2:18  Barracks Reactor  
  21  2:23  SCV  
  22  2:35  SCV  
  23  2:39  Refinery  
  23  2:47  SCV  
  24  2:54  Factory Tech Lab  
  24  2:59  Starport  
  24  3:03  Orbital Command  
  24  3:08  Orbital Command  
  24  3:10  Barracks  
  24  3:20  Siege Tank  
  27  3:28  Engineering Bay  
  27  3:35  SCV x2  
  32  3:41  Medivac  
  29  3:44  Marine  
  29  3:47  Marine  
  33  3:57  Supply Depot  
  33  4:00  Barracks Tech Lab  
  33  4:02  Marine  
  33  4:04  Widow Mine  
  36  4:26  Stimpack  
  36  4:29  Starport Reactor  
  36  4:37  Supply Depot  
  34  4:51  Orbital Command  
  34  4:59  SCV  
  35  5:05  Engineering Bay  
  35  5:07  Terran Infantry Weapons Level 1  
  35  5:11  SCV  
  35  5:13  Supply Depot  
  36  5:21  SCV  
  37  5:23  SCV  
  38  5:33  SCV  
  38  5:34  Marine  
  38  5:35  Marine x2, SCV  
  43  5:36  Supply Depot  
  43  5:50  Terran Infantry Armor Level 1  
  43  5:52  Command Center  
  43  5:57  SCV x2  
  43  6:02  Armory  
  45  6:04  Refinery  
  45  6:06  Refinery  
  45  6:09  SCV x2  
  38  6:20  Marine x3  
  38  6:21  SCV x2  
  43  6:33  SCV x2  
  43  6:38  Marine x3  
  48  6:50  SCV  
  48  6:51  SCV  
  50  6:55  Marine  
  50  6:56  Marine x2  
  53  7:03  SCV x2  
  53  7:05  SCV  
  56  7:13  Refinery  
  56  7:15  SCV x2  
  58  7:17  SCV, Siege Tank  
  58  7:19  Medivac x2  
  58  7:21  Marine x2  
  58  7:22  Marine  
  69  7:27  SCV x2  
  69  7:29  SCV  
  72  7:39  SCV x2  
  72  7:40  Combat Shield  
  72  7:41  SCV  
  75  7:49  Medivac, Siege Tank  
  81  7:51  SCV x2  
  81  7:53  Barracks  
  81  7:55  Barracks, Marauder  
  81  7:58  Barracks, Marine x2  
  87  8:03  Refinery  
  87  8:04  Orbital Command  
  86  8:06  SCV  
  87  8:16  Marine x2  
  87  8:17  Marauder  
  91  8:33  Marine x2  
  93  8:37  Missile Turret  
  93  8:57  Missile Turret  
  93  8:59  Barracks Reactor  
  93  9:04  Barracks Tech Lab  
  93  9:05  Barracks Reactor  
  93  9:11  Marauder, Marine x2  
  97  9:29  Marine x2  
  95  9:33  Marauder  
  97  9:39  Marauder, Marine x2  
  97  9:41  Marine x2  
  103  9:46  Marine x2  
  103  9:51  SCV  
  103  9:52  SCV x2  
  108  9:54  Marine  
  117  10:08  Supply Depot  
  117  10:11  Supply Depot  
  117  10:12  Supply Depot  
Show
View Real Time Build Order
Export as new Build Order

MikeMier Protoss - Winner!

Build Orders: 1 Gate Expand 

Get SALT Encoding   

  12  0:01  Probe  
  13  0:16  Pylon  
  13  0:18  Probe  
  14  0:34  Gateway  
  14  0:36  Probe (Chrono Boost)  
  15  0:48  Assimilator  
  16  0:50  Probe (Chrono Boost)  
  16  1:14  Nexus  
  16  1:18  Probe (Chrono Boost)  
  17  1:33  Cybernetics Core  
  17  1:35  Probe (Chrono Boost)  
  18  1:47  Pylon  
  18  1:49  Pylon  
  18  1:50  Probe  
  19  2:12  Probe  
  20  2:18  Stalker  
  22  2:30  Probe  
  23  2:41  Assimilator  
  23  2:42  Probe x2  
  25  2:54  Probe x2  
  27  3:00  Assimilator  
  27  3:07  Probe x2 (Chrono Boost), Stargate  
  29  3:13  Assimilator  
  29  3:19  Probe (Chrono Boost)  
  31  3:21  Stalker  
  31  3:24  Probe (Chrono Boost)  
  31  3:26  Probe (Chrono Boost)  
  36  3:35  Probe x2 (Chrono Boost)  
  36  3:42  Probe (Chrono Boost)  
  37  3:57  Probe  
  37  4:01  Probe  
  39  4:05  Protoss Air Weapons Level 1  
  39  4:06  Pylon  
  39  4:09  Pylon, Probe  
  40  4:12  Pylon  
  40  4:13  Probe  
  41  4:20  Stalker  
  41  4:22  Probe (Chrono Boost)  
  44  4:24  Void Ray  
  44  4:29  Probe (Chrono Boost)  
  49  4:51  Fleet Beacon  
  49  4:57  Probe  
  50  5:00  Probe  
  51  5:09  Probe  
  51  5:12  Probe  
  53  5:21  Probe  
  54  5:23  Void Ray  
  54  5:27  Nexus  
  58  5:31  Assimilator  
  58  5:34  Assimilator  
  58  5:36  Pylon  
  58  5:38  Pylon  
  58  5:39  Stargate x2  
  58  5:41  Pylon  
  58  5:45  Stargate  
  58  5:54  Unknown  
  58  6:04  Stalker  
  60  6:25  Probe  
  61  6:26  Protoss Air Weapons Level 2 (Chrono Boost)  
  61  6:29  Probe  
  62  6:34  Void Ray  
  62  6:37  Probe  
  62  6:38  Void Ray  
  71  6:41  Probe  
  72  6:49  Probe (Chrono Boost)  
  74  6:54  Probe (Chrono Boost)  
  74  7:00  Probe (Chrono Boost)  
  74  7:01  Probe (Chrono Boost)  
  76  7:04  Void Ray  
  76  7:06  Probe (Chrono Boost)  
  82  7:10  Probe x2 (Chrono Boost)  
  82  7:14  Probe (Chrono Boost)  
  84  7:18  Probe (Chrono Boost)  
  85  7:27  Robotics Facility  
  85  7:31  Twilight Council  
  85  7:40  Probe  
  86  7:45  Stalker  
  86  7:47  Void Ray  
  86  7:48  Void Ray  
  86  7:49  Void Ray  
  100  7:52  Probe  
  101  8:04  Probe  
  102  8:38  Carrier x2  
  114  8:46  Nexus  
  114  8:48  Assimilator  
  114  8:50  Assimilator  
  114  8:54  Pylon  
  114  8:56  Pylon  
  114  8:58  Pylon  
  114  9:00  Pylon  
Tags
 
Add a new tag
Caveats
  • Supply blocks, unpowered buildings, or Contaminate may cause inaccurate times.
  • Supply counts are checked every 10 seconds.